 Dungeon Sprint DCSS version 0.19.0-24-gb05acd6 (webtiles) character file.

11587 igo the Tortoise (level 11, -2/76 HPs)
             Began as a Gargoyle Gladiator on Nov 21, 2016.
             Was the Champion of Makhleb.
             Slain by an orc knight
             ... wielding a +0 glaive
              (19 damage)
             ... in the Dungeon (Sprint IX: "|||||||||||||||||||||||||||||").
             The game lasted 00:07:06 (1084 turns).

igo the Tortoise (Gargoyle Gladiator)               Turns: 1084, Time: 00:07:06

Health: -2/76      AC: 36    Str: 20 (22) XL:     11   Next: 80%
Magic:  0/18       EV: 14    Int:  9      God:    Makhleb [******]
Gold:   1426       SH:  0    Dex: 13      Spells: 0 memorised, 20 levels left

rFire  . . .     SeeInvis .     p - +2 lajatang
rCold  . . .     Gourm    .     s - +0 plate armour
rNeg   + . .     Faith    .     (shield currently unavailable)
rPois  ∞         Spirit   +     c - +0 helmet
rElec  +         Reflect  .     C - +0 cloak
rCorr  .         Harm     .     q - +2 pair of gloves
MR     .....     NoTele   +     r - +2 pair of boots
Stlth  ..........               x - amulet of guardian spirit
                                u - +3 ring of dexterity
                                t - +2 ring of evasion

@: no status effects
A: deterioration 1, negative energy resistance 1, electricity resistance,
unbreathing, petrification resistance, rot immunity, AC +7
a: Minor Destruction, Lesser Servant of Makhleb, Major Destruction, Greater
Servant of Makhleb, Renounce Religion


You were in the Dungeon.
You worshipped Makhleb.
Makhleb was exalted by your worship.
You were not hungry.

You visited 1 branch You collected 1426 gold pieces.

Inventory:

Hand Weapons
 a - a +0 quarterstaff
 o - a +2 dire flail of protection
 p - a +2 lajatang (weapon)
 v - a +2 dagger of distortion
 w - a +4 great mace of venom
Missiles
 d - 3 throwing nets (quivered)
Armour
 b - a +0 leather armour
 c - a +0 helmet (worn)
 q - a +2 pair of gloves (worn)
 r - a +2 pair of boots (worn)
 s - a +0 plate armour (worn)
 C - a +0 cloak (worn)
Magical Staves
 n - an uncursed staff of energy
Jewellery
 t - a +2 ring of evasion (left hand)
 u - a +3 ring of dexterity (right hand)
 x - an amulet of guardian spirit (around neck)
Wands
 m - a wand of iceblast (7/15)
Scrolls
 j - 3 scrolls of remove curse
 k - 2 scrolls of blinking
 l - 2 scrolls of amnesia
 y - a scroll of identify
 z - a scroll of recharging
Potions
 e - a potion of might
 h - 3 potions of curing
 i - 4 potions of magic
Comestibles
 f - 13 bread rations
 g - a chunk of flesh
 A - 40 fruits
 B - 12 meat rations


   Skills:
 + Level 12.7 Fighting
 * Level 16.0 Staves
 - Level 2.1 Throwing
 * Level 17.0 Armour
 + Level 10.3 Dodging
 + Level 5.0 Spellcasting


You had 20 spell levels left.
You didn't know any spells.

Dungeon Overview and Level Annotations

Branches:
Dungeon (1/1)

Altars:
Cheibriados
Dithmenos
Elyvilon
Fedhas
Gozag
Hepliaklqana
Kikubaaqudgha
Makhleb
Nemelex Xobeh
Okawaru
Qazlal
Ru
Sif Muna
Trog
Uskayaw
Vehumet
Xom
Yredelemnul
Zin
The Shining One
Beogh
Jiyva
Lugonu

Shops:
D *?(*


Innate Abilities, Weirdness & Mutations

You are resistant to torment.
Your stone body is resilient. (AC +7)
You are immune to poison.
You resist negative energy. (rN+)
You are resistant to electric shocks. (rElec)
You can survive without breathing.
You are immune to petrification.
You are immune to rotting.
Your body sometimes deteriorates upon taking damage.


Message History

The orc high priest calls down the wrath of Beogh upon you.
Beogh smites you!
Your body deteriorates!
You feel weakened.
You hit the orc knight.
The orc knight is almost dead.
The orc knight closely misses you.
The orc knight hits you from afar with a glaive!
You hit the orc knight but do no damage.
The orc knight is almost dead.
The orc knight hits you but does no damage.
Your plate armour prevents you from hitting the orc knight.
The orc knight is almost dead.
The orc knight barely misses you.
You hit the orc knight.
The orc knight is almost dead.
The orc high priest utters an invocation to Beogh.
The orc knight hits you with a long sword!
* * * LOW HITPOINT WARNING * * *
The orc knight hits you from afar with a glaive!!
You die...

....'.....)†)....)...'.__________
▓▓▓▓▓▓▓▓▓▓▓▓▓▓▓▓▓▓▓▓▓▓▓▓▓▓▓▓▓▓▓▓▓
.................................
▓▓▓▓▓▓▓▓▓▓▓▓▓▓▓▓▓▓▓▓▓▓▓▓▓▓▓▓▓▓▓▓▓
...[[[..'.[..........†.†.....†††.
▓▓▓▓▓▓▓▓▓▓▓▓▓▓▓▓▓▓▓▓▓▓▓▓▓▓▓▓▓▓▓▓▓
...)...............).............
▓▓▓▓▓▓▓▓▓▓▓▓▓▓▓▓▓▓▓▓▓▓▓▓▓▓▓▓▓▓▓▓▓
.oo4ooo@$$$$.).).)))))))
▓▓▓▓▓▓▓▓▓▓▓▓▓▓▓▓▓▓▓▓▓▓▓▓


You could see 4 orc knights, an orc high priest and a rust devil.

Vanquished Creatures
  4 orc high priests (D)
  Sonja (D)
  4 orc knights (D)
  An ugly thing (D)
  2 black mambas (D)
  Psyche (D)
  4 spiny frogs (D)
  A komodo dragon (D)
  A polar bear (D)
  A tyrant leech (D)
  A two-headed ogre (D)
  A blink frog (D)
  3 hippogriffs (D)
  A basilisk (D)
  2 vampire mosquitoes (D)
  A mottled dragon (D)
  4 water moccasins (D)
  A porcupine (D)
  9 orc warriors (D)
  A sky beast (D)
  A phantom (D)
  A centaur (D)
  A necrophage (D)
  3 crocodiles (D)
  3 bullfrogs (D)
  A howler monkey (D)
  A crimson imp (D)
  2 orc priests (D)
  5 orc wizards (D)
  A shadow imp (D)
  An adder zombie (D)
  11 orcs (D)
  A bat skeleton (D)
  A bat zombie (D)
  A hobgoblin (D)
  A kobold (D)
  A frilled lizard (D)
  2 rats (D)
82 creatures vanquished.

Notes
Turn   | Place    | Note
-------+----------+-------------------------------------------
     0 | D        | igo the Gargoyle Gladiator began the quest for the Orb.
     0 | D        | Reached XP level 1. HP: 12/12 MP: 1/1
    22 | D        | Noticed an orc wizard
    22 | D        | Noticed a centaur
    29 | D        | Killed a centaur
    29 | D        | Reached skill level 5 in Staves
    29 | D        | Reached skill level 4 in Armour
    29 | D        | Reached XP level 2. HP: 8/20 MP: 2/2
    29 | D        | Reached XP level 3. HP: 9/24 MP: 3/3
    29 | D        | Reached XP level 4. HP: 11/29 MP: 4/4
    31 | D        | Reached skill level 5 in Armour
    31 | D        | Reached XP level 5. HP: 14/34 MP: 5/5
    44 | D        | Found a roughly hewn altar of Beogh.
    44 | D        | Found a snail-covered altar of Cheibriados.
    44 | D        | Found a shadowy altar of Dithmenos.
    44 | D        | Found a white marble altar of Elyvilon.
    44 | D        | Found a blossoming altar of Fedhas.
    44 | D        | Found an opulent altar of Gozag.
    45 | D        | Found a hazy altar of Hepliaklqana.
    46 | D        | Found a viscous altar of Jiyva.
    47 | D        | Found an ancient bone altar of Kikubaaqudgha.
    48 | D        | Found a corrupted altar of Lugonu.
    49 | D        | Found a burning altar of Makhleb.
    50 | D        | Found a sparkling altar of Nemelex Xobeh.
    51 | D        | Found an iron altar of Okawaru.
    52 | D        | Found a stormy altar of Qazlal.
    53 | D        | Found a sacrificial altar of Ru.
    54 | D        | Found a deep blue altar of Sif Muna.
    55 | D        | Found a bloodstained altar of Trog.
    56 | D        | Found a hide-covered altar of Uskayaw.
    57 | D        | Became a worshipper of Makhleb the Destroyer
    58 | D        | Found a radiant altar of Vehumet.
    59 | D        | Found a shimmering altar of Xom.
    60 | D        | Found a basalt altar of Yredelemnul.
    61 | D        | Found a glowing silver altar of Zin.
    62 | D        | Found a glowing golden altar of the Shining One.
   116 | D        | Noticed an orc warrior
   116 | D        | Noticed a sky beast
   154 | D        | Killed a sky beast
   154 | D        | Reached skill level 5 in Fighting
   154 | D        | Reached skill level 7 in Armour
   159 | D        | Killed an orc warrior
   159 | D        | Reached * piety under Makhleb
   159 | D        | Reached skill level 5 in Dodging
   159 | D        | Reached XP level 6. HP: 32/41 MP: 6/6
   163 | D        | Reached skill level 8 in Armour
   166 | D        | Reached ** piety under Makhleb
   173 | D        | Noticed a two-headed ogre
   173 | D        | Noticed a mottled dragon
   173 | D        | Noticed a phantom
   173 | D        | Noticed a necrophage
   173 | D        | Noticed a purple ugly thing
   193 | D        | Killed a purple ugly thing
   193 | D        | Reached skill level 10 in Staves
   193 | D        | Reached skill level 10 in Armour
   193 | D        | Reached XP level 7. HP: 48/48 MP: 7/7
   214 | D        | Reached XP level 8. HP: 54/54 MP: 8/8
   222 | D        | Killed a two-headed ogre
   222 | D        | Reached *** piety under Makhleb
   222 | D        | Reached skill level 11 in Armour
   376 | D        | Noticed a komodo dragon
   376 | D        | Noticed a hippogriff
   377 | D        | Noticed a black mamba
   385 | D        | Killed a hippogriff
   385 | D        | Reached **** piety under Makhleb
   385 | D        | Reached skill level 12 in Armour
   395 | D        | Killed a komodo dragon
   395 | D        | Reached XP level 9. HP: 36/60 MP: 9/9
   419 | D        | Killed a black mamba
   419 | D        | Reached skill level 13 in Armour
   441 | D        | Reached ***** piety under Makhleb
   441 | D        | Reached skill level 10 in Fighting
   447 | D        | Noticed a spiny frog
   447 | D        | Noticed a polar bear
   447 | D        | Noticed a black mamba
   455 | D        | Killed a black mamba
   465 | D        | Killed a polar bear
   465 | D        | Reached XP level 10. HP: 55/68 MP: 10/10
   483 | D        | Reached skill level 14 in Armour
   487 | D        | Killed a spiny frog
   500 | D        | Reached ****** piety under Makhleb
   509 | D        | Noticed a spiny frog
   509 | D        | Noticed a spiny frog
   515 | D        | Killed a spiny frog
   519 | D        | Noticed a spiny frog
   540 | D        | Killed a spiny frog
   544 | D        | Killed a spiny frog
   544 | D        | Reached skill level 15 in Armour
   600 | D        | Noticed Sonja
   624 | D        | Killed Sonja
   624 | D        | Reached skill level 1 in Spellcasting
   639 | D        | Noticed Psyche
   646 | D        | Killed Psyche
   646 | D        | Reached XP level 11. HP: 55/75 MP: 3/13
   826 | D        | Noticed an orc knight
   837 | D        | Killed an orc knight
   837 | D        | Reached skill level 15 in Staves
   850 | D        | Reached skill level 16 in Armour
   881 | D        | Found Kusaej's General Store.
   881 | D        | Noticed an orc knight
   881 | D        | Noticed an orc high priest
   881 | D        | Noticed an orc high priest
   881 | D        | Noticed an orc knight
   881 | D        | Noticed an orc knight
   884 | D        | Noticed an orc high priest
   889 | D        | Killed an orc knight
   904 | D        | Noticed a sixfirhy
   949 | D        | Killed an orc knight
   950 | D        | Noticed a soul eater
   951 | D        | Noticed a sixfirhy
   983 | D        | Killed an orc high priest
   983 | D        | Reached skill level 10 in Dodging
   986 | D        | Killed an orc knight
   994 | D        | Gained mutation: Your body sometimes deteriorates upon taking damage. [a neqoxec]
   995 | D        | Killed an orc high priest
   996 | D        | Noticed a soul eater
   997 | D        | Noticed a sixfirhy
  1006 | D        | Killed an orc high priest
  1048 | D        | Noticed an orc high priest
  1061 | D        | Killed an orc high priest
  1061 | D        | Reached skill level 17 in Armour
  1061 | D        | Reached skill level 5 in Spellcasting
  1066 | D        | Found Pisch's Weapon Shop.
  1069 | D        | Noticed an orc knight
  1069 | D        | Found Vakuymn's Magic Scroll Boutique.
  1071 | D        | Found Bikocvim's General Store.
  1071 | D        | Noticed an orc knight
  1072 | D        | Noticed an orc high priest
  1075 | D        | Noticed an orc knight
  1077 | D        | Noticed an orc knight
  1084 | D        | Slain by an orc knight

Skill      XL: |  1  2  3  4  5  6  7  8  9 10 11 |
---------------+----------------------------------+-----
Throwing       | 2 |  2.1
Fighting       | 4 6 7 9 10 11 12 | 12.7
Staves         | 5 6 8 10 11 13 14 16 | 16.0
Armour         | 4 5 7 10 12 13 15 17 | 17.0
Dodging        | 3 4 5 6 7 8 9 10 | 10.3
Spellcasting   | 1 5 |  5.0

Action                   |  1- 3 |  4- 6 |  7- 9 | 10-12 || total
-------------------------+-------+-------+-------+-------++-------
Melee: Quarterstaff      |    15 |    41 |       |       ||    56
       Lajatang          |       |    33 |   108 |   261 ||   402
  Use: Potion            |     3 |     4 |       |     8 ||    15
       Scroll            |       |       |     6 |       ||     6
 Stab: Invisible         |       |     1 |       |       ||     1
  Eat: Chunk             |       |       |       |     2 ||     2
Armor: Leather armour    |     5 |     3 |       |       ||     8
       Plate armour      |       |    49 |    64 |   130 ||   243
Dodge: Dodged            |     8 |    20 |    53 |   147 ||   228
